 Dungeon Crawl Stone Soup version 0.31-a0-229-g1fc7ce9 (webtiles) character file.

Game seed: 2240029606044757209

14 Dawnplanks the Gusty (level 2, -1/15 HPs)
             Began as a Tengu Air Elementalist on July 6, 2023.
             Frozen to death by an endoplasm (3 damage)
             ... on level 2 of the Dungeon.
             The game lasted 00:00:41 (266 turns).

Dawnplanks the Gusty (Tengu Air Elementalist)        Turns: 266, Time: 00:00:43

Health: -1/15      AC:  2    Str:  8    XL:     2   Next: 41%
Magic:  1/6        EV: 12    Int: 15    God:
Gold:   18         SH:  0    Dex: 14    Spells: 4/5 levels left

rFire   . . .        (no weapon)
rCold   . . .        (no shield)
rNeg    . . .        a - +0 robe
rPois   .            (helmet restricted)
rElec   .            (no cloak)
rCorr   .            (no gloves)
SInv    .            (boots unavailable)
Will    .....        (no amulet)
Stlth   ++           (no ring)
HPRegen 0.22/turn    (no ring)
MPRegen 0.10/turn

%: no passive effects
@: lethally poisoned (-1 -> -4)
A: beak, talons 3
a: no special abilities


You were on level 2 of the Dungeon.
You visited 1 branch of the dungeon, and saw 3 of its levels.

You collected 18 gold pieces.

Inventory:

Armour
 a - a +0 robe (worn)
Scrolls
 c - a scroll of fear {unknown}
Potions
 b - a potion of magic


   Skills:
 + Level 2.3 Dodging
 - Level 2.0 Stealth
 + Level 0.2 Unarmed Combat
 + Level 2.1 Spellcasting
 + Level 1.4 Conjurations
 + Level 4.5 Air Magic


You had 4 spell levels left.
You knew the following spells:

 Your Spells              Type           Power      Damage    Failure   Level
a - Shock                 Conj/Air       40%        1d5       6%          1

Your spell library contained the following spells:

 Spells                   Type           Power      Damage    Failure   Level
 Static Discharge         Conj/Air       20%        2-3/arc   10%         2
 Swiftness                Air            15%        N/A       10%         3
 Airstrike                Air            7%         2d(2-18)  32%         4


Dungeon Overview and Level Annotations

Branches:
Dungeon (3/15)

Altars:


Innate Abilities, Weirdness & Mutations

You have a beak for a mouth.
You have claws for feet.


Message History

The endoplasm freezes you.
You are frozen.
The endoplasm attacks as you move away! The endoplasm barely misses you.
The endoplasm attacks as you move away! The endoplasm misses you.
The endoplasm attacks as you move away! The endoplasm hits you.
The endoplasm attacks as you move away!
The endoplasm hits you but does no damage.
The endoplasm attacks as you move away! The endoplasm hits you.
There is a stone staircase leading up here.
You can't go down here!
The endoplasm jiggles.
The endoplasm closely misses you.
You climb upwards.
The adder hisses angrily.
There is a stone staircase leading down here.
The zap hits the adder.
The adder is lightly wounded.
The adder bites you. The endoplasm freezes you.
You are frozen.
The adder bites you but does no damage.
You are too injured to fight recklessly!
You are too injured to fight recklessly!
You are too injured to fight recklessly!
You hit the adder. Your peck misses the adder.
The adder is moderately wounded.
The endoplasm jiggles.
The endoplasm freezes you.
You are frozen.
* * * LOW HITPOINT WARNING * * *
The adder bites you.
* * * LOW HITPOINT WARNING * * *
You are lethally poisoned!
The adder poisons you!
You hit the adder. You claw the adder.
The adder is heavily wounded.
* * * LOW HITPOINT WARNING * * *
You feel sick. The adder bites you but does no damage.
The endoplasm freezes you.
You are frozen.
You die...

.. ###.#
####.#..
#.....###
.........
##.....#
##.S....#
##..@..##
#....J[.#
..###.......#
#<..........#
######..†..##
####.......#
..###..#.......#
...............#
..####.#.....##


You could see an adder and an endoplasm.

Vanquished Creatures
  An adder (D:3)
  A giant cockroach (D:2)
  2 bats (D:2)
  A frilled lizard (D:2)
  A kobold (D:2)
  A rat (D:2)
7 creatures vanquished.

Notes
Turn   | Place    | Note
-------+----------+-------------------------------------------
     0 | D:1      | Dawnplanks the Tengu Air Elementalist began the quest for
                  | the Orb.
     0 | D:1      | Reached XP level 1. HP: 10/10 MP: 4/4
    73 | D:1      | You fall into a shaft and drop 1 floor!
   177 | D:3      | Reached XP level 2. HP: 15/15 MP: 0/6
   266 | D:2      | Frozen to death by an endoplasm

Illustrated notes

Levels and vault maps discovered:
D:1:      kilobyte_arrival_exit_the_forest, layout_loops_ring
D:2:      layout_rooms, serial_forest, infiniplex_forest_end_3,
          infiniplex_forest_3_way, infiniplex_forest_lined_3_way,
          infiniplex_forest_lined_1, infiniplex_forest_clump_long,
          infiniplex_forest_clump_small, kennysheep_doodads, skrybe_limestone_x
D:3:      layout_loops_cross, nicolae_hepliaklqana_hippocampus

Action                     || total
---------------------------++-------
  Melee: Unarmed           ||     3
         Kick              ||     2
   Cast: Shock             ||    16
 Armour: Robe              ||     4
  Dodge: Dodged            ||    11

Table legend: (Time is in decaauts)
 A = Elapsed time spent in this place.
 B = Non-inter-level travel time spent in this place.
 C = Inter-level travel time spent in this place.
 D = Time resting spent in this place.
 E = Time spent auto-exploring this place.
 F = Levels seen in this place.
 G = Mean time per level.
                   A        B        C        D        E       F      G
               +--------+--------+--------+--------+--------+-----+--------+
         Total |    267 |    263 |      4 |      0 |    207 |   3 |   89.0 |
       Dungeon |    267 |    263 |      4 |      0 |    207 |   3 |   89.0 |
               +--------+--------+--------+--------+--------+-----+--------+

Top non-repeatable levels by time:
     D:2: 111 daAuts
     D:3: 82 daAuts
     D:1: 74 daAuts
